AoeStats
← RIP

Nomad

505687053Analyzed
2v2 RM · 2mo ago on Sep 10, 2026· 46m 38s· 4 players
Game mode
Random Map
Map size
176×176
Population
200
Speed
Normal
Resources
Standard
Victory
Conquest
Starting age
Dark Age
Ending age
Imperial Age
RankedLock teamsTeams togetherTeam positionsShared explorationLock speedFull tech treeHidden civsTurbo modeCheats
Victory
Defeat
🇵🇪 Bulgarians · Peru
818
+15
🇩🇪 Byzantines · Germany
735
+19
vs
🇷🇺 Britons · Russia
809
-17
🇪🇸 Burgundians · Spain
786
-17
serto4713
13:05 Loom
15:00 Feudal Age
15:49 Town Watch
17:44 Wheelbarrow
17:06 Double-Bit Axe
21:44 Castle Age
20:09 Forging
20:05 Scale Barding Armor
20:26 Bow Saw
21:55 Cavalier
22:36 Husbandry
26:14 Iron Casting
26:29 Horse Collar
30:06 Heavy Plow
31:12 Two-Man Saw
31:28 Chain Barding Armor
44:34 Imperial Age
45:37 Paladin
Jkeeeeeeeeeeeeee
3:23 Loom
14:51 Feudal Age
15:55 Gold Mining
16:36 Double-Bit Axe
17:56 Fishing Lines
22:57 Castle Age
21:12 Man-at-Arms
22:04 Arson
22:18 Fletching
22:52 Forging
23:49 Gillnets
24:03 Long Swordsman
24:30 Gambesons
25:24 Gold Shaft Mining
26:35 Bow Saw
26:57 Bodkin Arrow
28:49 Wheelbarrow
27:58 Elite Skirmisher
28:41 Padded Archer Armor
30:01 Fervor
30:14 Ballistics
31:21 Hand Cart
31:55 Horse Collar
32:53 Leather Archer Armor
34:06 Treadmill Crane
34:31 Heavy Plow
35:11 Iron Casting
34:41 Squires
34:03 Pikeman
35:36 Murder Holes
36:20 Yeomen
39:23 Imperial Age
37:06 Town Watch
39:33 Masonry
39:27 Scale Mail Armor
40:12 Caravan
41:36 Two-Man Saw
40:55 Chain Mail Armor
42:06 Conscription
43:36 Chemistry
43:17 Halberdier
44:38 Block Printing
44:50 Illumination
janderschnuggi
13:59 Loom
18:10 Feudal Age
18:32 Horse Collar
18:39 Double-Bit Axe
20:03 Fishing Lines
23:26 Castle Age
22:25 Fletching
22:36 Padded Archer Armor
23:42 Crossbowman
24:28 Thumb Ring
26:23 Pikeman
27:25 Husbandry
27:58 Squires
28:49 Bodkin Arrow
29:09 Leather Archer Armor
29:05 Scale Barding Armor
29:14 Elite Skirmisher
36:03 Imperial Age
36:24 Wheelbarrow
36:22 Chain Barding Armor
37:09 Conscription
43:33 Plate Barding Armor
46:27 Bow Saw
RIP
16:34 Feudal Age
17:12 Double-Bit Axe
20:11 Fishing Lines
23:57 Gold Mining
23:58 Stone Mining
26:13 Castle Age
27:15 Bow Saw
27:44 Gillnets
34:35 Gold Shaft Mining
34:36 Stone Shaft Mining
35:12 Scale Barding Armor
35:18 Forging
35:08 Scale Mail Armor
38:21 Imperial Age
35:58 Stirrups
36:34 Chain Barding Armor
37:48 Iron Casting
37:29 Chain Mail Armor
39:19 Wheelbarrow
39:27 Conscription
39:14 Elite Konnik
41:00 Plate Barding Armor
40:55 Plate Mail Armor
41:12 Plate Mail Armor
41:42 Blast Furnace
41:05 Bagains
42:14 Chemistry
42:27 Bagains
Connection lost

Rejoining the realm…

Still unreachable

The connection could not be restored.

Session expired

The server has moved on; the page needs a fresh start.